 Dungeon Crawl Stone Soup version 0.30-a0-576-g89cddaab80 (webtiles) character file.

Game seed: 8020119433729619286

203 Shayle the Conjurer (level 5, -3/32 HPs)
             Began as a Tengu Reaver on Dec 30, 2022.
             Constricted to death by Grinder (4 damage)
             ... on level 3 of the Dungeon.
             The game lasted 00:03:39 (1671 turns).

Shayle the Conjurer (Tengu Reaver)                  Turns: 1671, Time: 00:03:39

Health: -3/32      AC:  4    Str: 12    XL:     5   Next: 81%
Magic:  9/9        EV: 11    Int: 15    God:
Gold:   83         SH:  0    Dex: 13    Spells: 7/8 levels left

rFire   . . .      SeeInvis .    a - +0 short sword
rCold   . . .      Faith    .    (no shield)
rNeg    . . .      Spirit   .    b - +0 leather armour
rPois   .          Reflect  .    (helmet restricted)
rElec   .          Harm     .    (no cloak)
rCorr   .          Rampage  .    j - +0 pair of gloves
Will    .....                    (boots unavailable)
Stlth   ++                       (no amulet)
HPRegen 0.25/turn                (no ring)
MPRegen 0.11/turn                (no ring)

@: mighty, grasped by roots, flying quickly and evasively, constricted, quick
A: beak, talons 3, nimble flight
a: no special abilities


You were on level 3 of the Dungeon.
You visited 1 branch of the dungeon, and saw 3 of its levels.

You collected 83 gold pieces.

Inventory:

Hand Weapons
 a - a +0 short sword (weapon)
Missiles
 p - 6 silver boomerangs
Armour
 b - a +0 leather armour (worn)
 j - a +0 pair of gloves (worn)
Jewellery
 l - a ring of ice
Scrolls
 c - a scroll of fear {unknown}
 d - a scroll of identify {unknown}
 i - a scroll of immolation {unknown}
 m - a scroll of poison {unknown}
Potions
 e - a potion of mutation {unknown}
 f - a potion of resistance {unknown}
 g - a potion of curing
 k - a potion of lignification {unknown}
 n - a potion of haste {unknown}
 o - a potion of ambrosia {unknown}


   Skills:
 + Level 3.1 Fighting
 - Level 3.2 Short Blades
 + Level 3.4 Dodging
 + Level 2.3 Stealth
 - Level 2.0 Spellcasting
 - Level 4.0 Conjurations
 + Level 2.4 Necromancy
 + Level 1.5 Earth Magic


You had 7 spell levels left.
You knew the following spells:

 Your Spells              Type           Power      Damage    Failure   Level
a - Kiss of Death         Conj/Necr      44%        2d8       8%          1

Your spell library contained the following spells:

 Spells                   Type           Power      Damage    Failure   Level
 Momentum Strike          Conj/Tloc      14%        3d8       19%         2
 Hailstorm                Conj/Ice       7%         3d4       36%         3
 Ozocubu's Armour         Ice            1%         N/A       63%         3
 Irradiate                Conj/Tmut      3%         3d12      98%         5
 Blade Hands              Tmut           0%         N/A       100%        5
 Dragon Form              Tmut           0%         N/A       100%        7
 Ozocubu's Refrigeration  Ice            0%         4d7       100%        7


Dungeon Overview and Level Annotations

Branches:
Dungeon (3/15)

Altars:
The Shining One

Annotations:
D:3 Grinder


Innate Abilities, Weirdness & Mutations

You have a beak for a mouth.
You have claws for feet.
Your magical nature lets you fly swiftly and evasively.


Message History

Found a stone staircase leading down.
Found 6 silver boomerangs.
The ball python closely misses you. The ball python grabs you.
The ball python constricts you.
You barely miss the ball python. The ball python barely misses you.
The ball python constricts you.
You hit the ball python.
You kill the ball python!
A gnoll comes into view. It is wielding a +0 club.
You see here 6 silver boomerangs.
p - 6 silver boomerangs You see here a +0 ring mail.
Grinder comes into view.
She is carrying a wand of roots (7).
Grinder shouts!
Grinder gestures at you. Pain shoots through your body!
You hit Grinder.
Grinder is lightly wounded.
Grinder gestures at you. Pain shoots through your body!
It was a potion of curing.
You feel better. Grinder gestures at you.
You suddenly lose the ability to move!
Grinder hits you.
You writhe in agony.
Grinder says, "You look like you could use a good racking."
Grinder zaps a wand.
The roots erupt in riotous growth!
The grasping roots grab you!
Grinder is unaffected.
The grasping roots constrict you.
You hear a shout! x2
You can move again.
You hit Grinder. You claw Grinder. You peck Grinder, but do no damage.
Grinder is moderately wounded.
Grinder hits you.
You writhe in agony.
The grasping roots constrict you.
It was a potion of might.
You feel very mighty all of a sudden. Grinder hits you.
* * * LOW HITPOINT WARNING * * *
You writhe in agony.
* * * LOW HITPOINT WARNING * * *
The grasping roots constrict you.
You die...

.###..## ...>..#
#####.#...#
#.........#
#.##.....##
#.#.#..[...#
#.#.#..#...#
###.#.#..#...#
...#†#..#..@#
#..#.#..#...5..#
#..#.#..#..###.#
# #..#.#..#### #
##.###....#..#
...#...#######
............#
####........#
......#####.#


You could see Grinder.

Vanquished Creatures
  Sigmund (D:2)
  2 adders (D:2)
  A worm (D:2)
  2 bats
  4 endoplasms
  A giant cockroach (D:2)
  9 goblins
  A hobgoblin (D:3)
  A quokka (D:3)
  3 ball pythons
  5 kobolds
  4 rats
34 creatures vanquished.

Notes
Turn   | Place    | Note
-------+----------+-------------------------------------------
     0 | D:1      | Shayle the Tengu Reaver began the quest for the Orb.
     0 | D:1      | Reached XP level 1. HP: 12/12 MP: 4/4
   276 | D:1      | Reached XP level 2. HP: 17/17 MP: 6/6
   656 | D:2      | Noticed Sigmund
   774 | D:2      | Reached skill level 1 in Stealth
   774 | D:2      | Reached skill level 1 in Necromancy
   774 | D:2      | Reached XP level 3. HP: 18/22 MP: 7/7
   977 | D:2      | Killed Sigmund
   978 | D:2      | Reached skill level 1 in Earth Magic
   978 | D:2      | Reached XP level 4. HP: 21/28 MP: 8/8
   978 | D:2      | Gained mutation: Your magical nature lets you fly swiftly
                  | and evasively. [Tengu growth]
   978 | D:2      | Reached XP level 5. HP: 24/32 MP: 9/9
  1180 | D:2      | Found a glowing golden altar of the Shining One.
  1526 | D:2      | Found a faded altar of an unknown god.
  1663 | D:3      | Noticed Grinder
  1667 | D:3      | Paralysed by Grinder for 3 turns
  1671 | D:3      | HP: 1/32 [Grinder (5)]
  1671 | D:3      | Constricted to death by Grinder

Illustrated notes

Levels and vault maps discovered:
D:1:      beargit_arrival_greenhouse, layout_basic
D:2:      layout_loops_cross, dilly_ecumenical_altar_fadedgnrine, basic_altar,
          uniq_sigmund
D:3:      layout_basic, kennysheep_ying_yang,
          chequers_temple_overflow_minitemple, mainiacjoe_overflow_tiny_flanked,
          minmay_divided_ellipse, uniq_grinder, uniq_jessica

Skill      XL: |  1  2  3 |
---------------+----------+-----
Stealth        | 1 2 |  2.3
Necromancy     | 1 2 |  2.4
Fighting       | 3 |  3.1
Dodging        | 3 |  3.4
Earth Magic    | 1 |  1.5
Short Blades   | |  3.2
Spellcasting   | |  2.0
Conjurations   | |  4.0

Action                   |  1- 3 |  4- 6 || total
-------------------------+-------+-------++-------
Melee: Short sword       |    72 |    32 ||   104
       Kick              |    15 |     9 ||    24
       Peck              |     9 |     4 ||    13
       Punch             |     1 |       ||     1
  Use: Potion            |       |     2 ||     2
 Stab: Sleeping          |       |     2 ||     2
Armor: Leather armour    |    25 |     1 ||    26
Dodge: Dodged            |    46 |    21 ||    67

Table legend: (Time is in decaauts)
 A = Elapsed time spent in this place.
 B = Non-inter-level travel time spent in this place.
 C = Inter-level travel time spent in this place.
 D = Time resting spent in this place.
 E = Time spent auto-exploring this place.
 F = Levels seen in this place.
 G = Mean time per level.
                   A        B        C        D        E       F      G
               +--------+--------+--------+--------+--------+-----+--------+
         Total |   1598 |   1489 |    109 |      0 |   1120 |   3 |  532.7 |
       Dungeon |   1598 |   1489 |    109 |      0 |   1120 |   3 |  532.7 |
               +--------+--------+--------+--------+--------+-----+--------+

Top non-repeatable levels by time:
     D:2: 838 daAuts
     D:1: 678 daAuts
     D:3: 80 daAuts
